AoeStats
← BananaPortControl

Black Forest

510158174Analyzed
4v4 RM · 3d ago on Sep 29, 2026· 54m 39s· 8 players
Game mode
Random Map
Map size
Large (8 player)
Population
200
Speed
Normal
Resources
Standard
Victory
Conquest
Starting age
Dark Age
Ending age
Imperial Age
RankedLock teamsTeams togetherTeam positionsShared explorationLock speedFull tech treeHidden civsTurbo modeCheats
Victory
Defeat
🇩🇪 Goths · Germany
1089
+13
🇳🇱 Malians · Netherlands
1028
+15
🇩🇪 Khmer · Germany
1007
+16
🇳🇱 Huns · Netherlands
996
+17
🇹🇷 Koreans · Türkiye
1076
-18
🇹🇷 Saracens · Türkiye
1012
-15
🇹🇷 Khmer · Türkiye
997
-15
🇨🇱 Burgundians · Chile
966
-13
wereld9
0:28 Loom
12:28 Feudal Age
17:08 Castle Age
19:59 Double-Bit Axe
20:07 Horse Collar
21:16 Bow Saw
22:36 Wheelbarrow
23:40 Heavy Plow
24:58 Hand Cart
26:49 Gold Mining
26:53 Stone Mining
29:06 Scale Mail Armor
29:16 Forging
30:15 Gold Shaft Mining
30:16 Stone Shaft Mining
29:14 Man-at-Arms
29:54 Squires
29:40 Arson
34:30 Imperial Age
31:25 Long Swordsman
31:26 Pikeman
34:57 Chain Mail Armor
35:17 Iron Casting
34:33 Fletching
35:27 Ballistics
36:12 Chemistry
35:49 Crop Rotation
35:24 Padded Archer Armor
35:42 Caravan
35:42 Two-Handed Swordsman
35:53 Onager
37:35 Champion
38:38 Conscription
40:34 Elite Gbeto
44:56 Siege Onager
tobias-bayer90
7:34 Loom
12:43 Feudal Age
13:22 Double-Bit Axe
13:20 Horse Collar
18:53 Castle Age
23:56 Bow Saw
34:09 Imperial Age
31:54 Squires
31:15 Pikeman
32:08 Anarchy
33:05 Forging
32:56 Scale Mail Armor
32:53 Gold Mining
34:42 Iron Casting
34:52 Chain Mail Armor
34:32 Halberdier
35:14 Perfusion
36:52 Blast Furnace
37:48 Elite Huskarl
basvanhaalen
1:27 Loom
10:13 Feudal Age
11:45 Double-Bit Axe
18:30 Castle Age
16:43 Horse Collar
19:40 Bow Saw
19:45 Stone Mining
21:59 Wheelbarrow
21:56 Heavy Plow
23:25 Hand Cart
27:59 Gold Mining
31:02 Forging
30:53 Scale Mail Armor
30:44 Fletching
31:21 Caravan
30:58 Pikeman
31:39 Squires
32:33 Iron Casting
33:12 Gold Shaft Mining
32:32 Arson
36:33 Imperial Age
35:38 Thumb Ring
36:35 Halberdier
37:47 Parthian Tactics
37:15 Heavy Cavalry Archer
39:32 Ballistics
40:12 Chemistry
39:08 Murder Holes
40:15 Padded Archer Armor
42:20 Elite Tarkan
43:27 Atheism
46:14 Bodkin Arrow
46:34 Leather Archer Armor
47:20 Blast Furnace
46:35 Chain Mail Armor
48:30 Scale Barding Armor
48:26 Bracer
54:38 Chain Barding Armor
Shadowman37
0:26 Loom
12:42 Feudal Age
17:33 Castle Age
17:13 Double-Bit Axe
17:12 Horse Collar
19:18 Padded Archer Armor
20:22 Fletching
31:17 Bodkin Arrow
36:17 Imperial Age
35:10 Wheelbarrow
35:16 Wheelbarrow
37:06 Heavy Scorpion
38:11 Double Crossbow
38:32 Conscription
38:40 Bow Saw
38:48 Bracer
39:27 Hand Cart
40:24 Chemistry
42:42 Ballistics
43:38 Siege Engineers
ERKAN TEK
0:35 Loom
11:59 Feudal Age
17:29 Castle Age
15:40 Double-Bit Axe
15:41 Horse Collar
18:33 Bow Saw
20:16 Gold Mining
21:50 Stone Mining
27:35 Wheelbarrow
27:42 Heavy Plow
31:19 Imperial Age
28:45 Fletching
28:22 Pikeman
29:02 Squires
29:53 Hand Cart
29:24 Town Watch
30:31 Gold Shaft Mining
30:31 Stone Shaft Mining
30:41 Bodkin Arrow
32:01 Ballistics
33:05 Two-Man Saw
32:11 Bracer
32:50 Stone Shaft Mining
32:00 Halberdier
33:35 Conscription
35:04 Chemistry
34:17 Masonry
33:47 Treadmill Crane
34:15 Scale Mail Armor
34:26 Forging
35:30 Arson
36:02 Chain Mail Armor
36:23 Iron Casting
37:00 Elite War Wagon
41:48 Caravan
42:20 Fortified Wall
44:41 Shinkichon
53:41 Plate Mail Armor
pdepardo
7:03 Wheelbarrow
7:11 Double-Bit Axe
12:15 Feudal Age
20:15 Castle Age
18:29 Gold Mining
18:52 Bow Saw
18:25 Horse Collar
23:03 Two-Man Saw
22:42 Stone Mining
29:23 Imperial Age
27:28 Light Cavalry
28:37 Scale Barding Armor
29:15 Hand Cart
31:41 Heavy Plow
31:04 Hussar
33:20 Chemistry
33:46 Town Watch
35:47 Gold Shaft Mining
35:48 Stone Shaft Mining
36:13 Chain Barding Armor
37:05 Man-at-Arms
37:59 Long Swordsman
39:17 Forging
39:08 Scale Mail Armor
39:18 Caravan
39:44 Onager
40:40 Two-Handed Swordsman
BananaPortControl
10:42 Feudal Age
15:59 Castle Age
15:02 Double-Bit Axe
24:39 Horse Collar
29:24 Imperial Age
28:03 Bow Saw
28:10 Forging
28:00 Scale Mail Armor
28:05 Scale Barding Armor
27:52 Fletching
28:02 Padded Archer Armor
28:15 Gold Mining
28:15 Stone Mining
28:49 Heavy Plow
29:55 Tusk Swords
30:47 Elite Ballista Elephant
32:34 Gold Shaft Mining
31:49 Stone Mining
31:29 Pikeman
33:09 Iron Casting
32:50 Chain Mail Armor
32:59 Ballistics
33:39 Wheelbarrow
32:50 Town Watch
32:50 Loom
34:40 Double Crossbow
34:58 Husbandry
35:09 Bloodlines
34:23 Light Cavalry
35:25 Bodkin Arrow
35:45 Leather Archer Armor
36:42 Chemistry
35:32 Hussar
38:33 Blast Furnace
38:21 Chain Barding Armor
41:21 Cavalier
44:32 Plate Barding Armor
43:58 Bracer
44:14 Leather Archer Armor
Manwë
11:22 Feudal Age
15:16 Castle Age
13:38 Double-Bit Axe
13:35 Horse Collar
16:44 Bow Saw
20:30 Wheelbarrow
20:12 Heavy Plow
20:59 Loom
22:10 Hand Cart
24:35 Stone Mining
30:43 Imperial Age
28:57 Caravan
29:27 Gold Mining
32:52 Two-Man Saw
32:39 Scale Barding Armor
32:45 Forging
32:49 Bloodlines
32:40 Husbandry
33:29 Conscription
33:48 Elite Mameluke
34:57 Ballistics
36:28 Chain Barding Armor
36:43 Iron Casting
37:43 Gold Shaft Mining
39:36 Onager
41:30 Chemistry
40:39 Siege Engineers
40:17 Light Cavalry
42:05 Blast Furnace
41:41 Plate Barding Armor
40:57 Fletching
41:08 Padded Archer Armor
42:13 Siege Onager
Connection lost

Rejoining the realm…

Still unreachable

The connection could not be restored.

Session expired

The server has moved on; the page needs a fresh start.